Picklejuice1313, neutral male human Tourist . --.| |..| --..-- -....-- .......| ...)...| ..).)..| -.--....| .)G@r.--- ------- Picklejuice1313 the Sightseer Experience level: 5 Strength: 10 Dexterity: 13 Constitution: 14 Intelligence: 18 Wisdom: 8 Charisma: 19 Health: 0(38) Energy: 20(20) Def: 3 Gold: 1747 Moves: 2127 Dungeon seed: 0000000000001313 Game ID: Picklejuice1313_1449427229 Your Inventory: Coins $ - 1747 gold pieces Weapons a - a +0 long sword (weapon in hand) t - 41 +2 darts (in quiver) D - 7 blessed +2 darts Armor e - an uncursed +0 Hawaiian shirt (being worn) q - an uncursed +0 orcish helm I - an uncursed +0 dwarvish cloak (being worn) M - an uncursed +0 pair of iron shoes (being worn) Y - an uncursed rusty +0 dwarvish iron helm (being worn) Comestibles f - 6 uncursed food rations g - an uncursed egg h - an uncursed pancake r - an uncursed fortune cookie s - an uncursed tin of jackal meat A - an uncursed Tentation Scrolls j - 3 uncursed scrolls of magic mapping o - an uncursed scroll of identify N - a cursed scroll of teleportation Q - an uncursed scroll of destroy armor Potions P - a blessed potion of sickness Z - an uncursed potion of sleeping Wands m - a wand of secret door detection (0:12) Tools c - an expensive camera (0:62) k - an uncursed credit card n - an uncursed leash x - a +0 pick-axe B - an uncursed partly used tallow candle (lit) (0:153) T - a cursed tallow candle (0:200) Gems y - an uncursed worthless piece of green glass Spells and supernatural/magical abilities: Name Level Category Fail Memory W - pray for help -- divine ? -- Your skills at the end: Miscellaneous Skills wands [Basic] Weapon Skills long sword [Basic] dart [Basic] Spellcasting Skills Final Attributes: You were devoutly aligned. You were telepathic. You are dead. Vanquished creatures: a dwarf king a shrieker 2 gnome lords a floating eye a kitten 2 dwarves an iguana a werejackal a gas spore 3 hobbits a hobgoblin 4 giant rats 2 cave spiders 10 gnomes 3 garter snakes 2 manes 2 jackals 5 foxes a kobold 4 newts a goblin 5 grid bugs 2 lichens a kobold zombie 57 creatures vanquished. Voluntary challenges: You did not adorn yourself with jewelry or accessories. You used a wielded weapon 38 times, starting on turn 626. You did not apply a unicorn horn. You read items or engraved 3 times, starting on turn 803. You never genocided any monsters. You never polymorphed an object. You never changed form. You used no wishes. You never split a pudding. You never wrote Elbereth's name. You never violated your personal moral code. Dungeon overview: The Dungeons of Doom: levels 1 to 2 Level 1 an altar to The Lady a long staircase Level 2 a fountain, a sink stairs to The Gnomish Mines The Gnomish Mines: levels 3 to 4 Level 3 stairs to The Dungeons of Doom Level 4 <- You were here History has recorded: On T:1 you entered the Dungeons of Doom to retrieve the Amulet of Yendor! On T:323 you reached level 2 of The Dungeons of Doom. On T:860 you reached level 1 of The Gnomish Mines. On T:873 you advanced to experience level 2. On T:963 you advanced to experience level 3. On T:980 you advanced to experience level 4. On T:1028 you advanced to experience level 5. On T:2079 you reached level 2 of The Gnomish Mines. Score breakdown: Gold: 808 ( 80 points) Experience: 5 levels ( 400 points) Exploration: 4 levels ( 90 points) Discoveries: 2 items ( 100 points) Variety of kills: 24 monsters ( 1200 points) Major goal: (nothing yet) ( 0 points) Survival: died (score multiplied by 3) Total score: 5610 Latest messages: You put an uncursed crude dagger into the large box. Your movements are now unencumbered. Your movements are slowed slightly because of your load. Your movements are now unencumbered. You have a little trouble lifting x - an uncursed scroll labeled READ ME. You have a little trouble lifting P - a blessed brown potion. You have a little trouble lifting v - an uncursed twisted ring. You have a little trouble lifting B - an uncursed candle. You have a little trouble lifting O - a cursed candle. You have a little trouble lifting Q - an uncursed pick-axe. Your movements are slowed slightly because of your load. You hack the giant rat. The gnome king punches you! You die... Final status: Aloha Picklejuice1313 the Tourist, killed by a gnome king... You died in The Gnomish Mines on dungeon level 4 with 5610 points, and 1747 pieces of gold, after 2127 moves. You were level 5 with a maximum of 38 hit points when you died.